 Dungeon Crawl Stone Soup version 0.23-a0-8-gb809bb7 (webtiles) character file.

27925 galech the Cleaver (level 13, -15/117 HPs)
             Began as a Minotaur Fighter on Aug 1, 2018.
             Was a High Priest of Makhleb.
             Demolished by a tentacled starspawn (18 damage)
             ... on level 2 of the Abyss.
             The game lasted 00:27:23 (12632 turns).

galech the Cleaver (Minotaur Fighter)              Turns: 12632, Time: 00:27:23

Health: -15/117    AC: 21    Str: 23    XL:     13   Next: 7%
Magic:  0/15       EV:  7    Int:  9    God:    Makhleb [*****.]
Gold:   871        SH:  0    Dex: 16    Spells: 12/12 levels left

rFire    . . .     SeeInvis .   M - +9 short sword "Minotaur's Doom" {venom, *Contam MR++ Int+4}
rCold    . . .     Gourm    .   (no shield)
rNeg     . . .     Faith    .   K - +0 plate armour
rPois    .         Spirit   +   (helmet restricted)
rElec    .         Reflect  .   N - +1 cloak
rCorr    .         Harm     .   o - +0 pair of gloves
MR       ++...                  A - +1 pair of boots
Stlth    ..........             a - amulet of guardian spirit
HPRegen  0.29/turn              (no ring)
MPRegen  0.14/turn              u - +3 ring of dexterity

@: constricted
A: retaliatory headbutt, horns 2
a: Minor Destruction, Lesser Servant of Makhleb, Major Destruction, Greater
Servant of Makhleb, Renounce Religion


You were on level 2 of the Abyss.
You worshipped Makhleb.
Makhleb was extremely pleased with you.
You were not hungry.

You visited 2 branches of the dungeon, and saw 16 of its levels.
You visited the Abyss 1 time.

You collected 992 gold pieces.
You spent 121 gold pieces at shops.

Inventory:

Hand Weapons
 v - a +0 war axe of distortion
 D - a +4 battleaxe of distortion
 M - the +9 short sword "Minotaur's Doom" (weapon) {venom, *Contam MR++ Int+4}
   (You found it on level 3 of the Lair of Beasts)

   It poisons the flesh of those it strikes.
   It affects your intelligence (+4).
   It affects your resistance to hostile enchantments.
   It causes magical contamination when unequipped.
Armour
 c - a +0 shield
 o - a +0 pair of gloves (worn)
 A - a +1 pair of boots (worn)
 H - a +2 robe of magic resistance
 I - a +1 robe of cold resistance
 K - a +0 plate armour (worn)
 N - a +1 cloak (worn)
Jewellery
 a - an amulet of guardian spirit (around neck)
 l - an uncursed amulet of regeneration
 n - an uncursed ring of stealth
 u - a +3 ring of dexterity (right hand)
 B - an uncursed ring of protection from cold
Wands
 b - a wand of disintegration (10)
 y - a wand of polymorph (10)
 E - a wand of random effects (21)
 R - a wand of paralysis (37)
 S - a wand of flame (34)
 T - a wand of iceblast (10)
Scrolls
 g - 3 scrolls of blinking
 h - 4 scrolls of enchant weapon
 j - 5 scrolls of remove curse
 k - 15 scrolls of teleportation
 m - 3 scrolls of fog
 p - 2 scrolls of vulnerability {unknown}
 s - 2 scrolls of amnesia
 x - 2 scrolls of enchant armour
 F - a scroll of fear
 J - a scroll of torment
 L - 2 scrolls of magic mapping
 P - a scroll of immolation {unknown}
 U - a scroll of summoning {unknown}
Potions
 d - 4 potions of might
 e - 5 potions of haste {unknown}
 i - 7 potions of agility {unknown}
 q - 4 potions of lignification {unknown}
 r - 3 potions of brilliance {unknown}
 t - 4 potions of flight {unknown}
 w - 2 potions of mutation {unknown}
 z - 8 potions of curing
 C - a potion of ambrosia {unknown}
 G - a potion of magic {unknown}
 O - 4 potions of heal wounds
 Q - a potion of resistance {unknown}
 V - a potion of invisibility {unknown}
Comestibles
 f - 38 rations


   Skills:
 + Level 11.6 Fighting
 + Level 14.9 Axes
 + Level 11.8 Armour
 - Level 4.6 Dodging
 - Level 1.1 Stealth
 + Level 12.5 Shields
 - Level 1.0 Unarmed Combat
 + Level 5.0 Invocations


You had 12 spell levels left.
You didn't know any spells.
Your spell library contained the following spells:

 Spells                   Type           Power        Failure   Level  Hunger
 Fireball                 Conj/Fire      #.........   100%        5    ######.
 Conjure Flame            Conj/Fire      #.......     100%        3    ####...
 Confuse                  Hex            #.......     100%        3    ####...
 Throw Flame              Conj/Fire      #.....       100%        2    ###....
 Sticky Flame             Conj/Fire      #.......     100%        4    #####..
 Tukima's Dance           Hex            #.......     100%        3    ####...
 Stone Arrow              Conj/Erth      #.....       100%        3    ####...
 Flame Tongue             Conj/Fire      #....        99%         1    ##.....
 Passwall                 Tmut/Erth      #.......     100%        2    ###....
 Ensorcelled Hibernation  Hex/Ice        #.....       100%        2    ###....
 Corona                   Hex            #......      99%         1    ##.....
 Lee's Rapid Deconstruct  Erth           #.........   100%        5    ######.
 Sandblast                Erth           #.....       99%         1    ##.....
 Petrify                  Tmut/Erth      #.......     100%        4    #####..
 Inner Flame              Hex/Fire       #.......     100%        3    ####...
 Dazzling Spray           Conj/Hex       #.....       100%        3    ####...


Dungeon Overview and Level Annotations

Branches:
Dungeon (10/15)            Temple (0/1) D:6            Lair (6/6) D:10
  Swamp (0/4) Lair:2       Spider (0/4) Lair:3
  Slime: Lair:5-6       Orc: D:9-12

Altars:
Elyvilon
Fedhas
Gozag
Hepliaklqana
Makhleb
Nemelex Xobeh
Uskayaw
Wu Jian
Xom
Yredelemnul

Shops:
D:9 !   D:10 %

Annotations:
D:10 Fannar
Lair:4 3 runed doors, Urec's ghost, journeyman OpWn
Lair:5 exclusion: 5 oklob plants


Innate Abilities, Weirdness & Mutations

You reflexively headbutt those who attack you in melee.
You have a pair of horns on your head.


Message History

The tentacled starspawn is heavily damaged.
The tentacled starspawn barely misses you.
The tentacled starspawn engulfs you but does no damage.
The starspawn tentacle grabs you. The starspawn tentacle constricts you.
You hit the tentacled starspawn.
The starspawn tentacle loses its grip on you.
You headbutt the tentacled starspawn.
The tentacled starspawn is severely damaged.
The tentacled starspawn bites you!
* * * LOW HITPOINT WARNING * * *
The tentacled starspawn barely misses you.
The starspawn tentacle grabs you. The starspawn tentacle constricts you.
The tentacled starspawn bites you but does no damage.
The tentacled starspawn engulfs you but does no damage.
You puncture the tentacled starspawn!
The starspawn tentacle loses its grip on you.
The tentacled starspawn is severely damaged.
The starspawn tentacle grabs you. The starspawn tentacle constricts you.
The tentacled starspawn bites you!!
You die...

.# ..... .. .
#....$..## ##.
#.##.....#.. ##
..##......[..#. .
.......#........
............._..#
................#
................#.#
##........w@.......
#. ..#....X#w...#..
#.......#.......?.
#........#.......
##........#....$.
.................
.(#...#..#.##...
..........#.. ...
........#


You could see a tentacled starspawn and 2 starspawn tentacles.

Vanquished Creatures
  The ghost of Anon1729 the Blocker, a journeyman FoFi of Okawaru (D:10)
  A two-headed ogre (D:10)
  6 death yaks (Lair:5)
  Pikel (D:6)
  2 oklob plants
  3 elephants
  Maurice (D:9)
  A torpor snail (Lair:3)
  A gargoyle (D:9)
  A black mamba (Lair:5)
  Psyche (D:8)
  2 spiny frogs
  7 komodo dragons
  A troll (D:10)
  A polar bear (Lair:5)
  Prince Ribbit (D:6)
  3 hippogriffs
  5 dream sheep (Lair:5)
  Sigmund (D:6)
  A redback (Lair:3)
  3 spriggans
  6 yaks
  4 wyverns
  Eustachio (D:6)
  A basilisk (Lair:1)
  2 steam dragons
  A hungry ghost (D:8)
  A swamp worm (Lair:2)
  Edmund (D:6)
  2 insubstantial wisps (D:9)
  6 water moccasins
  8 porcupines
  3 orc warriors
  8 sky beasts
  A slave (D:6)
  2 black bears
  5 centaurs
  A phantom (D:4)
  A necrophage (D:10)
  13 wolves
  2 ogres
  9 crocodiles
  2 big kobolds (D:10)
  10 bullfrogs
  4 scorpions
  6 wights
  2 crimson imps
  2 howler monkeys
  A quasit (D:8)
  6 jellies
  3 orc priests
  8 hounds
  2 orc wizards
  2 bullfrog skeletons
  A bullfrog zombie (D:6)
  3 centaur skeletons
  2 iguanas
  Jessica (D:3)
  Ijyb (D:4)
  6 worker ants
  A hound skeleton (D:6)
  A worker ant zombie (D:8)
  5 gnolls
  12 adders
  A howler monkey skeleton (D:9)
  2 shadow imps
  8 oozes (D:9)
  2 adder skeletons
  An adder zombie (D:9)
  5 worms
  7 dart slugs
  8 leopard geckos
  24 orcs
  3 giant cockroaches
  3 goblins
  10 hobgoblins
  16 jackals
  4 quokkas
  A ball python (D:1)
  5 bats
  5 frilled lizards
  A jackal skeleton (D:6)
  29 kobolds
  A quokka skeleton (D:4)
  5 rats
  A bush (Lair:2)
  8 fungi
  8 plants (Lair:2)
361 creatures vanquished.

Vanquished Creatures (others)
  2 hydras
  A two-headed ogre (D:10)
  4 elephants
  A spiny frog (Lair:2)
  A polar bear (Lair:4)
  A hippogriff (D:8)
  A redback (Lair:3)
  4 yaks
  A water moccasin (Lair:4)
  A porcupine (Lair:1)
  A slave (D:6)
  A phantom (D:5)
  A wolf (Lair:4)
  An ogre (D:10)
  A big kobold (D:7)
  A bullfrog (Lair:5)
  2 wights (D:10)
  A howler monkey (D:7)
  A crimson imp (D:5)
  A worker ant (D:9)
  2 gnolls (D:10)
  An adder (D:8)
  A butterfly (Lair:5)
  74 fungi
  55 plants
161 creatures vanquished.

Grand Total: 522 creatures vanquished

Notes
Turn   | Place    | Note
-------+----------+-------------------------------------------
     0 | D:1      | galech the Minotaur Fighter began the quest for the Orb.
     0 | D:1      | Reached XP level 1. HP: 19/19 MP: 0/0
    66 | D:1      | Reached XP level 2. HP: 27/27 MP: 1/1
   176 | D:1      | Reached XP level 3. HP: 28/33 MP: 2/2
   281 | D:1      | Reached skill level 3 in Axes
   479 | D:2      | Found an opulent altar of Gozag.
   525 | D:2      | Found a basalt altar of Yredelemnul.
   679 | D:2      | Reached XP level 4. HP: 40/40 MP: 3/3
   931 | D:3      | Noticed Jessica
   941 | D:3      | Killed Jessica
   941 | D:3      | Reached skill level 4 in Axes
  1038 | D:3      | Found a burning altar of Makhleb.
  1053 | D:3      | Became a worshipper of Makhleb the Destroyer
  1142 | D:3      | Reached XP level 5. HP: 45/47 MP: 4/4
  1684 | D:4      | Found a white marble altar of Elyvilon.
  1746 | D:4      | Reached skill level 5 in Armour
  1813 | D:4      | Noticed Ijyb
  2025 | D:4      | Killed Ijyb
  2025 | D:4      | Reached XP level 6. HP: 48/53 MP: 5/5
  2290 | D:4      | Reached skill level 5 in Axes
  2290 | D:4      | Reached skill level 1 in Dodging
  2670 | D:5      | Entered Level 5 of the Dungeon
  2770 | D:5      | Found a shimmering altar of Xom.
  2778 | D:5      | Reached skill level 5 in Fighting
  2805 | D:5      | Reached XP level 7. HP: 38/61 MP: 6/6
  3286 | D:5      | Reached skill level 5 in Shields
  3328 | D:5      | Found a hide-covered altar of Uskayaw.
  3399 | D:5      | Reached skill level 1 in Unarmed Combat
  3744 | D:6      | Noticed Edmund
  3760 | D:6      | Noticed Pikel
  3769 | D:6      | Noticed Eustachio
  3796 | D:6      | Reached * piety under Makhleb
  3801 | D:6      | Reached skill level 6 in Axes
  3808 | D:6      | HP: 2/61 [wight/enchanted halberd (7)]
  4169 | D:6      | Reached XP level 8. HP: 61/69 MP: 7/7
  4173 | D:6      | Killed Pikel
  4173 | D:6      | Reached skill level 7 in Axes
  4173 | D:6      | Killed Edmund
  4198 | D:6      | Killed Eustachio
  4198 | D:6      | Reached skill level 8 in Axes
  4212 | D:6      | Noticed Sigmund
  4218 | D:6      | Killed Sigmund
  4222 | D:6      | Reached XP level 9. HP: 69/75 MP: 8/8
  4367 | D:6      | Found a staircase to the Ecumenical Temple.
  4372 | D:6      | Found a hazy altar of Hepliaklqana.
  4555 | D:6      | Reached skill level 9 in Axes
  4678 | D:6      | Noticed Prince Ribbit
  4761 | D:6      | Killed Prince Ribbit
  5236 | D:7      | Reached skill level 1 in Stealth
  5357 | D:7      | Found a sparkling altar of Nemelex Xobeh.
  5458 | D:7      | Reached skill level 10 in Axes
  5467 | D:7      | Reached ** piety under Makhleb
  5892 | D:8      | Noticed Psyche
  5896 | D:8      | Reached XP level 10. HP: 73/86 MP: 9/9
  5906 | D:8      | Killed Psyche
  5906 | D:8      | Reached skill level 11 in Axes
  6555 | D:9      | Noticed Maurice
  6555 | D:9      | Noticed a gargoyle
  6562 | D:9      | Killed a gargoyle
  6605 | D:10     | Entered Level 10 of the Dungeon
  6935 | D:9      | Killed Maurice
  7002 | D:9      | Found an ornate altar of the Wu Jian Council.
  7122 | D:9      | Noticed an oklob plant
  7147 | D:9      | Reached *** piety under Makhleb
  7171 | D:9      | Killed an oklob plant
  7171 | D:9      | Reached skill level 12 in Axes
  7462 | D:9      | Found Sosen's Distillery.
  7465 | D:9      | Bought a potion of heal wounds for 55 gold pieces
  7465 | D:9      | Bought a potion of curing for 33 gold pieces
  7465 | D:9      | Bought a potion of curing for 33 gold pieces
  7696 | D:10     | Found Puutz's Food Shop.
  7703 | D:10     | Found a large runed door.
  7704 | D:10     | Found a large runed door.
  7786 | D:10     | Reached XP level 11. HP: 94/95 MP: 10/10
  7794 | D:10     | Reached **** piety under Makhleb
  7872 | D:10     | Noticed a two-headed ogre
  7884 | D:10     | Killed a two-headed ogre
  7884 | D:10     | Reached skill level 10 in Shields
  7897 | D:10     | Found a staircase to the Lair.
  8131 | D:10     | Reached skill level 13 in Axes
  8259 | D:10     | Noticed a two-headed ogre
  8265 | D:10     | Banished a two-headed ogre
  8297 | D:10     | Noticed Anon1729's ghost (journeyman FoFi)
  8332 | D:10     | Killed Anon1729's ghost
  8382 | D:10     | Noticed Fannar
  8513 | Lair:1   | Entered Level 1 of the Lair of Beasts
  8536 | Lair:1   | Reached skill level 10 in Armour
  8623 | Lair:1   | Noticed a four-headed hydra
  8627 | Lair:1   | Banished a five-headed hydra
  8639 | Lair:1   | Reached ***** piety under Makhleb
  8774 | Lair:1   | Reached skill level 10 in Fighting
  9141 | Lair:2   | Noticed a six-headed hydra
  9203 | Lair:2   | Banished an eight-headed hydra
  9203 | Lair:2   | Reached skill level 14 in Axes
  9203 | Lair:2   | Reached skill level 1 in Invocations
  9417 | Lair:2   | Found a blossoming altar of Fedhas.
  9431 | Lair:2   | Noticed an oklob plant
  9444 | Lair:2   | Killed an oklob plant
  9444 | Lair:2   | Reached XP level 12. HP: 85/106 MP: 12/12
  9759 | Lair:2   | Found a staircase to the Swamp.
 10060 | Lair:3   | Found a hole to the Spider Nest.
 10121 | Lair:3   | Got a shimmering short sword
 10381 | Lair:3   | Found a runed door.
 10749 | Lair:3   | Noticed a seven-headed hydra
 11076 | Lair:4   | Found a runed gate.
 11077 | Lair:4   | Noticed Urec's ghost (journeyman OpWn)
 11077 | Lair:4   | Noticed a 14-headed hydra
 11078 | Lair:4   | Found a runed gate.
 11078 | Lair:4   | Found a runed gate.
 11078 | Lair:4   | Noticed a 14-headed hydra
 11653 | Lair:5   | Noticed a death yak
 11654 | Lair:5   | Noticed a death yak
 11655 | Lair:5   | Noticed a death yak
 11655 | Lair:5   | Noticed a death yak
 11655 | Lair:5   | Noticed a death yak
 11656 | Lair:5   | Noticed a death yak
 11672 | Lair:5   | Killed a death yak
 11686 | Lair:5   | Killed a death yak
 11708 | Lair:5   | Killed a death yak
 11710 | Lair:5   | Killed a death yak
 11940 | Lair:5   | Killed a death yak
 12046 | Lair:5   | Noticed a five-headed hydra
 12087 | Lair:5   | Reached XP level 13. HP: 111/116 MP: 11/15
 12323 | Lair:5   | Reached skill level 5 in Invocations
 12337 | Lair:6   | Entered Level 6 of the Lair of Beasts
 12577 | Lair:6   | Identified the +9 short sword "Minotaur's Doom" {venom, *Contam MR++ Int+4} (You found it on level 3 of the Lair of Beasts)
 12577 | Lair:6   | Cast into level 2 of the Abyss (a distortion unwield)
 12577 | Abyss:2  | Found a corrupted altar of Lugonu.
 12617 | Abyss:2  | Noticed a tentacled starspawn
 12631 | Abyss:2  | HP: 3/117 [tentacled starspawn (10)]
 12632 | Abyss:2  | Demolished by a tentacled starspawn

Vault maps used:
D:1:      lightli_arrival_noodles
D:2:      lemuel_crystal_altar, old_standard_altar
D:3:      lemuel_crystal_altar, kennysheep_jessica_study
D:4:      nicolae_overflow_crystal_walls, first_ration, minivault_19,
          corexii_checkpoint_b, uniq_ijyb
D:5:      lemuel_round_altar, eat_drink_and_be_merry_uskayaw
D:6:      lemuel_round_altar, minmay_temple_entry_junction, minivault_19,
          uniq_eustachio, uniq_pikel, uniq_edmund, uniq_sigmund,
          uniq_prince_ribbit1
D:7:      the_bakery, nemelex_diamond_rough_becter
D:8:      uniq_psyche
D:9:      lemuel_slime, lemuel_doored_altar, serial_shops, kennysheep_mini,
          mrwooster_statue_mirror, hangedman_misty_isle, uniq_maurice
D:10:     due_lair_maze_entry_diamond, serial_shops, shop,
          ebering_ghost_disaster_area, uniq_fannar
Lair:2:   minmay_swamp_entry_worms, tgw_fedhas, grunt_megastairs_5,
          lemuel_fruit_tree, serial_bayou_shore_b
Lair:3:   spider_nest_entry_webs, pf_torpor_hydra
Lair:4:   gammafunk_ghost_hydra_chop, forest_entry_grove
Lair:5:   minmay_slime_entry_oklob_enclosed, minmay_lair_oklob_chamber,
          lemuel_fruit_fields, lemuel_fruit_fields
Lair:6:   grunt_lair_end_beastmaster, gammafunk_ghost_ooze, grunt_megastairs_2
Abyss:2:  minivault_27

Skill      XL: |  1  2  3  4  5  6  7  8  9 10 11 12 13 |
---------------+----------------------------------------+-----
Fighting       | 4 5 6 7 8 10 11 | 11.6
Armour         | 4 5 6 7 8 9 10 11 | 11.8
Shields        | 4 5 7 8 9 11 12 | 12.5
Axes           | 3 4 5 6 8 10 12 14 | 14.9
Dodging        | 1 2 3 4 |  4.6
Unarmed Combat | 1 |  1.0
Stealth        | 1 |  1.1
Invocations    | 1 4 5 |  5.0

Action                   |  1- 3 |  4- 6 |  7- 9 | 10-12 | 13-15 || total
-------------------------+-------+-------+-------+-------+-------++-------
Melee: War axe           |    84 |   116 |   234 |   670 |       ||  1104
       Headbutt          |    14 |    15 |    48 |   201 |    12 ||   290
       Unarmed           |       |    19 |       |       |       ||    19
       Battleaxe         |       |       |       |    48 |    18 ||    66
       Short sword       |       |       |       |       |    12 ||    12
  Use: Scroll            |       |       |       |    15 |       ||    15
  Eat: Chunk             |       |     6 |    10 |    22 |     1 ||    39
Armor: Scale mail        |    33 |    50 |    61 |       |       ||   144
       Plate armour      |       |       |    43 |   203 |    43 ||   289
Dodge: Dodged            |    25 |    38 |    76 |   149 |    27 ||   315
Block: Shield            |    37 |    48 |   141 |   297 |       ||   523

Table legend:
 A = Spawn XP
 B = Non-spawn XP
 C = Spawn XP percentage of total XP
 D = Spawn monster count
 E = Non-spawn monster count
 F = Spawn count percentage of total count
 G = Total turns spent on level
                    A         B        C        D         E        F      G
               +---------+---------+-------+---------+---------+-------+---------
         Total |       0 |   39894 |   0.0 |       0 |     373 |   0.0 | 12632
               +---------+---------+-------+---------+---------+-------+---------
           D:1 |       0 |      57 |   0.0 |       0 |      26 |   0.0 |   419
           D:2 |       0 |      56 |   0.0 |       0 |      24 |   0.0 |   451
           D:3 |       0 |     156 |   0.0 |       0 |      22 |   0.0 |   939
           D:4 |       0 |     281 |   0.0 |       0 |      16 |   0.0 |   861
           D:5 |       0 |     519 |   0.0 |       0 |      15 |   0.0 |  1280
           D:6 |       0 |    2629 |   0.0 |       0 |      26 |   0.0 |   966
           D:7 |       0 |    1024 |   0.0 |       0 |      26 |   0.0 |   683
           D:8 |       0 |    1953 |   0.0 |       0 |      26 |   0.0 |   828
           D:9 |       0 |    3270 |   0.0 |       0 |      39 |   0.0 |   900
          D:10 |       0 |    6561 |   0.0 |       0 |      63 |   0.0 |  1186
        Lair:1 |       0 |    3266 |   0.0 |       0 |      16 |   0.0 |   628
        Lair:2 |       0 |    4082 |   0.0 |       0 |      18 |   0.0 |   856
        Lair:3 |       0 |    4227 |   0.0 |       0 |      20 |   0.0 |   820
        Lair:4 |       0 |    1389 |   0.0 |       0 |       9 |   0.0 |   625
        Lair:5 |       0 |    9720 |   0.0 |       0 |      24 |   0.0 |   895
        Lair:6 |       0 |     704 |   0.0 |       0 |       3 |   0.0 |   240
               +---------+---------+-------+---------+---------+-------+---------
